 Dungeon Crawl Stone Soup version 0.30-a0-305-g026cb31310 (webtiles) character file.

Game seed: 10005289805100262652

1675 KarmaKiller the Cudgeller (level 9, 0/55 HPs)
             Began as a Gargoyle Berserker on Oct 7, 2022.
             Was a Priest of Trog.
             Slain by a hound (3 damage)
             ... on level 7 of the Dungeon on Oct 21, 2022.
             The game lasted 00:46:55 (5061 turns).

KarmaKiller the Cudgeller (Gargoyle Berserker)      Turns: 5061, Time: 00:46:55

Health: 0/55       AC: 19    Str: 24    XL:     9   Next: 1%
Magic:  9/9        EV:  9    Int:  9    God:    Trog [***...]
Gold:   225        SH:  0    Dex:  9    Spells: 8/8 levels left

rFire   + . .      SeeInvis .    h - +3 halberd
rCold   . . .      Faith    .    (shield currently unavailable)
rNeg    + . .      Spirit   .    v - +0 chain mail
rPois   ∞          Reflect  .    (no helmet)
rElec   +          Harm     .    (no cloak)
rCorr   .          Rampage  .    r - +0 pair of gloves
Will    .....                    f - +0 pair of boots
Stlth   ..........               K - amulet of the acrobat
HPRegen 0.29/turn                y - ring of poison resistance
MPRegen 0.11/turn                w - ring of protection from fire

@: weakened
A: sickness immunity, AC +6, negative energy resistance 1, electricity
resistance, torment resistance 1, petrification resistance
a: Renounce Religion, Berserk, Trog's Hand


You were on level 7 of the Dungeon.
You worshipped Trog.
Trog was most pleased with you.
You visited 1 branch of the dungeon, and saw 7 of its levels.

You collected 225 gold pieces.

Inventory:

Hand Weapons
 h - a +3 halberd (weapon)
 j - a +0 mace
 s - the +7 whip of Meyremen {venom, rC+ Int+2}
   (You found it on level 2 of the Dungeon)

   It poisons the flesh of those it strikes.
   Int:       It affects your intelligence (+2).
   rC:        It protects you from cold.
 A - a +1 whip of draining
 D - a +0 flail of distortion
 F - a +0 flail
 G - a +3 falchion
 J - the +7 sling of Linearity {flame, rPois MP+9 Int+2}
   (You found it on level 5 of the Dungeon)

   Any ammunition fired from it burns those it strikes, dealing additional fire
   damage.
   Int:       It affects your intelligence (+2).
   rPois:     It protects you from poison.
   MP:        It affects your magic capacity (+9).
Missiles
 g - 41 stones
 t - 7 poisoned darts
 E - 6 javelins (quivered)
Armour
 f - a +0 pair of boots (worn)
 o - an orb of energy
 r - a +0 pair of gloves (worn)
 v - a +0 chain mail (worn)
Magical Staves
 M - a staff of conjuration
Jewellery
 c - a ring of positive energy
 w - a ring of protection from fire (right hand)
 y - a ring of poison resistance (left hand)
 K - an amulet of the acrobat (around neck)
Wands
 C - a wand of flame (18)
Scrolls
 a - a scroll of magic mapping
 b - a scroll of silence {unknown}
 e - 2 scrolls of poison
 i - 2 scrolls of fear {unknown}
 l - a scroll of brand weapon {unknown}
 m - a scroll of fog {unknown}
 p - a scroll of teleportation
 x - a scroll of enchant armour {unknown}
 z - a scroll of acquirement {unknown}
 B - a scroll of enchant weapon {unknown}
 H - a scroll of vulnerability {unknown}
Potions
 d - a potion of flight {unknown}
 k - 2 potions of mutation
 n - a potion of ambrosia {unknown}
 q - 2 potions of lignification
 u - 2 potions of brilliance
 I - a potion of degeneration {unknown}
 L - a potion of heal wounds {unknown}
 N - a potion of haste {unknown}


   Skills:
 + Level 6.3 Fighting
 + Level 1.5 Short Blades
 + Level 6.7 Maces & Flails
 + Level 0.1 Polearms
 + Level 0.6 Throwing
 + Level 6.6 Armour
 + Level 3.0 Dodging
 + Level 1.0 Stealth
 + Level 3.2 Unarmed Combat


You had 8 spell levels left.
You didn't know any spells.
Your spell library contained the following spells:

 Spells                   Type           Power      Damage    Failure   Level
 Ensorcelled Hibernation  Hex/Ice        0%         N/A       98%         2
 Poisonous Vapours        Pois/Air       0%         N/A       98%         2
 Mephitic Cloud           Conj/Pois/Air  0%         N/A       100%        3
 Spider Form              Tmut/Pois      0%         N/A       100%        3
 Anguish                  Hex/Necr       0%         N/A       100%        4
 Cigotuvi's Dreadful Rot  Necr/Pois/Air  Unusable   N/A       N/A         2

Dungeon Overview and Level Annotations

Branches:
Dungeon (7/15)             Temple (0/1) D:7

Altars:
Qazlal

Shops:
D:6 *


Innate Abilities, Weirdness & Mutations

You are immune to sickness and miasma.
Your stone body is resilient. (AC +6)
You are immune to poison.
You resist negative energy. (rN+)
You are resistant to electric shocks. (rElec)
You are resistant to unholy torment.
You are immune to petrification.


Message History

The wight freezes you.
* * * LOW HITPOINT WARNING * * *
An orc comes into view. It is wielding a +0 whip.
The orc shouts!
The orc closely misses you. The wight attacks as you move away!
The wight closely misses you. The orc attacks as you move away!
The orc misses you.
Your surroundings suddenly seem different.
Found 9 stones and a sedimented grey potion.
Found a staircase to the Ecumenical Temple.
A hound comes into view.
The hound barks! 3 gnolls come into view.
The gnoll shouts! x3; You hear a shout! x3
A gnoll bouda comes into view. It is wielding a +0 club.
The gnoll bouda gazes fiercely through you!
You feel your attacks grow feeble.
A wight comes into view. It is wielding a +4 spear.
The hound misses you.
You closely miss the hound. The hound closely misses you.
A gnoll comes into view. It is wielding a +0 club.
The gnoll bouda gazes fiercely through you!
You feel as though you will be weak longer.
The hound pauses to sniff the ground.
The hound bites you but does no damage. The gnoll hits you but does no damage.
You puncture the hound!
The hound is severely wounded.
The hound barely misses you.
The gnoll hits you from afar with a +0 spear.
* * * LOW HITPOINT WARNING * * *
The hound bites you but does no damage.
You slash the gnoll!
The gnoll is heavily wounded.
The hound closely misses you. The gnoll hits you with a +0 whip.
* * * LOW HITPOINT WARNING * * *
The gnoll closely misses you. The hound bites you but does no damage.
You closely miss the gnoll.
The gnoll is heavily wounded.
The hound bites you.
You die...

**,******,,..............##....**
,,,,*** *..#.#.......#.......!.**
**,,*,* *....................##,*
*,,,,,***.#.#.#................,,
,,*,,,,*,......................,,
,**,*,,*,..#.⌠.#..(............,*
,,,,,,,,,#.......#.............,*
**,,,,,*,..⌠.>.⌠h..#....#*,,,**,,
,,,,,,,,,#......@#...#.##*,*,**,,
,**,*,,,,..#.⌠.#gg.##...#,,*,**,,
*****,,,,....z..gg..........,,,,,
,,,***,,,...#.#...####..#.##*,,**
,,,,,,,,,........g.**####...,,,>,
,,,,,,,,,.,#.#...#.#,*,,,,#..###,
,,,,,,,,,,,#.....#..,,,**,*......
,,,,,,,,,,,,......###*,*****,,#..
,,,,,,,,,,,,,,,,,,***,,,* *,,*#..


You could see a gnoll bouda, a hound, a wight and 4 gnolls.

Vanquished Creatures
  2 black bears
  An ice beast (D:4)
  An ogre (D:5)
  2 centaurs (D:5)
  2 bullfrogs
  2 scorpions
  5 wights
  A gnoll bouda (D:5)
  2 orc priests
  2 hounds (D:5)
  4 iguanas
  5 orc wizards
  11 gnolls
  7 adders
  2 white imps (D:5)
  An ufetubus (D:5)
  2 worms
  2 dart slugs
  18 orcs
  3 bats
  2 endoplasms
  2 giant cockroaches
  5 goblins
  5 hobgoblins
  2 quokkas (D:1)
  2 ball pythons
  9 frilled lizards
  8 kobolds
  6 rats
116 creatures vanquished.

Vanquished Creatures (others)
  A fungus (D:1)
  5 plants (D:2)
6 creatures vanquished.

Grand Total: 122 creatures vanquished

Notes
Turn   | Place    | Note
-------+----------+-------------------------------------------
     0 | D:1      | KarmaKiller the Gargoyle Berserker began the quest for the
                  | Orb.
     0 | D:1      | Reached XP level 1. HP: 14/14 MP: 1/1
   279 | D:1      | Reached XP level 2. HP: 7/19 MP: 2/2
   965 | D:2      | Reached XP level 3. HP: 24/24 MP: 3/3
  1228 | D:2      | Identified the +7 whip of Meyremen {venom, rC+ Int+2}
  1404 | D:2      | Reached ** piety under Trog
  1683 | D:3      | Reached skill level 1 in Short Blades
  1683 | D:3      | Reached XP level 4. HP: 29/29 MP: 4/4
  1946 | D:3      | Noticed a bullfrog
  1952 | D:3      | Killed a bullfrog
  1953 | D:3      | Reached skill level 1 in Maces & Flails
  1953 | D:3      | Reached XP level 5. HP: 30/34 MP: 5/5
  2301 | D:3      | Reached skill level 1 in Stealth
  2301 | D:3      | Reached XP level 6. HP: 40/40 MP: 6/6
  2497 | D:4      | Found a stormy altar of Qazlal.
  2498 | D:4      | Noticed an ice beast
  2506 | D:4      | Killed an ice beast
  2507 | D:4      | Reached skill level 5 in Fighting
  2585 | D:4      | Reached XP level 7. HP: 36/44 MP: 7/7
  2642 | D:4      | Reached *** piety under Trog
  2810 | D:4      | You fall into a shaft and drop 1 floor!
  2810 | D:5      | Entered Level 5 of the Dungeon
  3008 | D:5      | Reached skill level 5 in Maces & Flails
  3022 | D:5      | Reached XP level 8. HP: 46/51 MP: 8/8
  3481 | D:5      | Reached skill level 5 in Armour
  3949 | D:5      | Upgraded the game from 0.30-a0-219-gf2db51d15e to
                  | 0.30-a0-305-g026cb31310
  4013 | D:5      | HP: 1/51 [wight/+0 trident (6)]
  4438 | D:5      | Identified the +7 sling of Linearity {flame, rPois MP+9
                  | Int+2}
  4481 | D:6      | Found Waloupoj's Assorted Antiques.
  5033 | D:7      | Reached XP level 9. HP: 55/55 MP: 9/9
  5051 | D:7      | Found a staircase to the Ecumenical Temple.
  5060 | D:7      | HP: 2/55 [gnoll/+0 whip[a gnoll bouda] (3)]
  5061 | D:7      | Slain by a hound

Illustrated notes

Levels and vault maps discovered:
D:1:      dpeg_arrival_chambers_temple_mockup, layout_basic,
          shapermc_ecumenical_altar_acropolis
D:2:      layout_loops_cross, minmay_lizard_king
D:3:      layout_basic
D:4:      layout_rooms, mainiacjoe_overflow_cross_hatched, minmay_box_of_dots
D:5:      layout_cave_pods, minmay_fractal_squares_5
D:6:      layout_basic, serial_shops, shop_fountains, minmay_starry_boxes
D:7:      layout_cave_pools, zin_scriptorium, kennysheep_mini_moat,
          nemelex_xobeh_ov_fountains_minmay, overflow_temple_1_default,
          hangedman_ru_absence, mainiacjoe_overflow_24_doors,
          grunt_dithmenos_shadows, minmay_temple_entry_sparse_star

Skill      XL: |  1  2  3  4  5  6  7  8 |
---------------+-------------------------+-----
Fighting       | 4 5 6 |  6.3
Dodging        | 2 3 |  3.0
Short Blades   | 1 |  1.5
Maces & Flails | 1 2 4 5 6 |  6.7
Stealth        | 1 |  1.0
Armour         | 3 4 6 |  6.6
Polearms       | |  0.1
Throwing       | |  0.6
Unarmed Combat | |  3.2

Action                   |  1- 3 |  4- 6 |  7- 9 || total
-------------------------+-------+-------+-------++-------
Melee: Short sword       |    65 |       |       ||    65
       Dagger            |     6 |       |       ||     6
       Punch             |     2 |     3 |     3 ||     8
       Mace              |    35 |       |       ||    35
       Whip              |    17 |    87 |   179 ||   283
       Halberd           |       |       |    32 ||    32
Throw: Stone             |     6 |     2 |     7 ||    15
  Use: Scroll            |       |       |     7 ||     7
       Potion            |       |       |     3 ||     3
Armor: Animal skin       |    28 |       |       ||    28
       Ring mail         |    18 |       |       ||    18
       Chain mail        |     3 |    77 |   211 ||   291
Dodge: Dodged            |    76 |    40 |   147 ||   263

Table legend: (Time is in decaauts)
 A = Elapsed time spent in this place.
 B = Non-inter-level travel time spent in this place.
 C = Inter-level travel time spent in this place.
 D = Time resting spent in this place.
 E = Time spent auto-exploring this place.
 F = Levels seen in this place.
 G = Mean time per level.
                   A        B        C        D        E       F      G
               +--------+--------+--------+--------+--------+-----+--------+
         Total |   5064 |   5064 |      0 |    594 |      0 |   7 |  723.4 |
       Dungeon |   5064 |   5064 |      0 |    594 |      0 |   7 |  723.4 |
               +--------+--------+--------+--------+--------+-----+--------+

Top non-repeatable levels by time:
     D:5: 1650 daAuts
     D:2: 832 daAuts
     D:1: 831 daAuts
     D:3: 741 daAuts
     D:6: 490 daAuts
     D:4: 411 daAuts
     D:7: 106 daAuts
